 Dungeon Crawl Stone Soup version 0.31-a0-177-g4aa6249778 (webtiles) character file.

Game seed: 5610727646027945245

480 qw the Chopper (level 7, -1/44 HPs)
             Began as a Gargoyle Fighter on June 18, 2023.
             Was an Initiate of Okawaru.
             Slain by a troll (4 damage)
             ... on level 5 of the Dungeon.
             The game lasted 00:02:02 (3629 turns).

qw the Chopper (Gargoyle Fighter)                   Turns: 3629, Time: 00:02:03

Health: -1/44      AC: 17    Str: 21    XL:     7   Next: 11%
Magic:  7/7        EV: 10    Int:  9    God:    Okawaru [......]
Gold:   64         SH:  9    Dex:  9    Spells: 6/6 levels left

rFire   . . .        Y - +1 war axe
rCold   + . .        c - +0 buckler
rNeg    + . .        l - +3 ring mail {rC+}
rPois   inf          b - +1 helmet
rElec   +            a - +1 cloak {Will+}
rCorr   .            (no gloves)
SInv    +            (no boots)
Will    +....        i - amulet of reflection Stlth
                     p - ring of see invisible
HPRegen 0.27/turn    (no ring)
MPRegen 0.10/turn

%: reflection
@: about to teleport
A: sickness immunity, AC +4, negative energy resistance 1, electricity
resistance, torment resistance 1, petrification resistance
a: Renounce Religion


You were on level 5 of the Dungeon.
You worshipped Okawaru.
Okawaru was noncommittal.
You visited 1 branch of the dungeon, and saw 5 of its levels.
You also visited: Sewer.

You collected 194 gold pieces.
You spent 130 gold pieces at shops.


Innate Abilities, Weirdness & Mutations

You are immune to sickness and miasma.
Your stone body is resilient. (AC +4)
You are immune to poison.
You resist negative energy. (rN+)
You are resistant to electric shocks. (rElec)
You are resistant to unholy torment.
You are immune to petrification.


   Skills:
 - Level 4.6 Fighting
 + Level 5.5 Axes
 - Level 3.2 Armour
 - Level 2.2 Dodging
 - Level 3.2 Shields


You had 6 spell levels left.
You didn't know any spells.
Your spell library was empty.

Inventory:

Hand Weapons
 k - a +0 flail
 Y - a +1 war axe (weapon)
Missiles
 o - 4 boomerangs (quivered)
Armour
 a - a +1 cloak of willpower (worn)
 b - a +1 helmet (worn)
 c - a +0 buckler (worn)
 l - a +3 ring mail of cold resistance (worn)
Jewellery
 i - an amulet of reflection (around neck)
 p - a ring of see invisible (left hand)
Scrolls
 g - a scroll of identify
Potions
 d - 5 potions of might
 e - 2 potions of enlightenment
 f - 3 potions of curing
 j - 2 potions of attraction
 m - a potion of lignification

Dungeon Overview and Level Annotations

Branches:
Dungeon (5/15)              Sewer (visited)
 Temple: D:4-7

Altars:
Dithmenos
Makhleb
Okawaru
Trog
The Shining One

Shops:
D:3 ?!


Message History

You closely miss the troll. You block the troll's attack.
The troll barely misses you. The troll claws you but does no damage.
You slash the troll!
The troll is moderately wounded.
You block the troll's attack. The troll claws you.
You block the troll's attack.
You slash the troll!
The troll is heavily wounded.
The troll barely misses you. You block the troll's attack.
The troll claws you but does no damage. The troll barely misses you.
The troll claws you but does no damage. The troll closely misses you.
You hit the troll but do no damage.
The troll is heavily wounded.
The troll bites you. You block the troll's attack. The troll barely misses you.
You barely miss the troll.
The troll is heavily wounded.
The troll bites you but does no damage. The troll barely misses you.
The troll claws you.
You hit the troll.
The troll is heavily wounded.
The troll barely misses you. The troll claws you but does no damage.
The troll closely misses you.
You slash the troll!
The troll is severely wounded.
The troll closely misses you. The troll barely misses you. The troll claws you.
The troll barely misses you. The troll closely misses you. The troll claws you.
You closely miss the troll.
The troll is severely wounded.
The troll bites you but does no damage. You block the troll's attack. x2
You barely miss the troll.
The troll is severely wounded.
The troll bites you! The troll claws you! The troll barely misses you.
3628 ||| READING scroll of teleportation.
As you read the scroll of teleportation, it crumbles to dust.
You feel strangely unstable. The troll barely misses you.
The troll claws you but does no damage. x2
You hit the troll.
The troll is severely wounded.
The troll misses you. The troll claws you.
You die...

. #.####.....# ...
#..........#
.....##..........#
.........?.......#
.....###.........#
.... ##..#.....#
.?. #......... ..
##........ #
#####@.......
#...T....#...
#........# ..
#............
#........#...
#........#...
#........# ..
#........#
##........#


You could see a troll.

Vanquished Creatures
  3 ice beasts
  Terence (D:2)
  Robin (D:3)
  6 adders
  An ufetubus (D:5)
  A worm (D:3)
  2 dart slugs (D:1)
  4 orcs
  8 ball pythons
  9 bats
  11 endoplasms
  12 giant cockroaches
  7 hobgoblins
  5 jackals
  6 kobolds
  2 quokkas
  12 frilled lizards
  5 goblins
  A rat (D:1)
97 creatures vanquished.

Notes
Turn   | Place    | Note
-------+----------+-------------------------------------------
     0 | D:1      | qw the Gargoyle Fighter began the quest for the Orb.
     0 | D:1      | Reached XP level 1. HP: 14/14 MP: 1/1
     0 | D:1      | 0 ||| qw: Version: 0.3-a-7-ge0c9b40
     0 | D:1      | 0 ||| qw: Game counter: 739
     0 | D:1      | 0 ||| qw: Always use a shield: true
     0 | D:1      | 0 ||| qw: God list: Okawaru
     0 | D:1      | 0 ||| qw: Allow faded altars: false
     0 | D:1      | 0 ||| qw: Do Orc after D:15 true
     0 | D:1      | 0 ||| qw: Do second Lair branch before Depths: true
     0 | D:1      | 0 ||| qw: Lair rune preference: random
     0 | D:1      | 0 ||| qw: Plans: Normal, Zot:1-4, Slime:5, God:TSO, Crypt,
                  | Tomb, Abyss, Pan, Hells, Win
     0 | D:1      | 0 ||| PLANNING D:1-11
    76 | D:1      | Reached skill level 2 in Axes
   154 | D:1      | Reached XP level 2. HP: 19/19 MP: 2/2
   198 | D:1      | 198 ||| Stepping ~*~*~tactically~*~*~ (stealth).
   200 | D:1      | 200 ||| Stepping ~*~*~tactically~*~*~ (stealth).
   201 | D:1      | 201 ||| Stepping ~*~*~tactically~*~*~ (stealth).
   202 | D:1      | 202 ||| Stepping ~*~*~tactically~*~*~ (stealth).
   290 | D:1      | Reached skill level 3 in Axes
   478 | D:1      | Reached XP level 3. HP: 20/23 MP: 3/3
   851 | D:1      | 851 ||| READING scroll labelled WIOTUE NURUOMI.
   852 | D:1      | 852 ||| READING scroll labelled NUNLYA OHISEKK.
   853 | D:1      | 853 ||| READING 2 scrolls labelled ANYDGHED NASUD.
   854 | D:1      | 854 ||| READING scroll labelled TOG WAHIHOF.
   855 | D:1      | 855 ||| READING scroll labelled XEUDAY DIAS.
   856 | D:1      | 856 ||| READING scroll labelled MAUTRA HIMPO.
   857 | D:1      | 857 ||| DROPPING scroll of vulnerability.
  1008 | D:2      | 1008 ||| DROPPING +0 whip.
  1225 | D:2      | Noticed Terence
  1233 | D:2      | Killed Terence
  1234 | D:2      | Reached XP level 4. HP: 23/28 MP: 4/4
  1256 | D:2      | 1256 ||| DROPPING +0 mace.
  1383 | D:2      | Reached skill level 4 in Axes
  1573 | D:2      | 1573 ||| UPGRADING to +1 cloak of willpower.
  1578 | D:2      | 1578 ||| UPGRADING to +3 ring mail of cold resistance.
  1588 | D:2      | 1588 ||| DROPPING +0 scale mail.
  1589 | D:2      | 1589 ||| UPGRADING to amulet of reflection.
  1594 | D:2      | 1594 ||| READING scroll labelled HANTEF XUXEUB.
  1595 | D:2      | 1595 ||| READING scroll labelled GOBLECKY TYTE.
  1600 | D:2      | 1600 ||| DRINKING 2 purple potions.
  1601 | D:2      | 1601 ||| READING 2 scrolls of identify.
  1601 | D:2      | 1601 ||| IDENTIFYING fuming orange potion
  1602 | D:2      | 1602 ||| DROPPING potion of degeneration.
  1633 | D:3      | 1633 ||| PLANNING SEWER
  1873 | D:3      | Found a glowing drain.
  1891 | D:3      | 1891 ||| DRINKING 2 sedimented golden potions.
  1892 | D:3      | 1892 ||| READING 2 scrolls of identify.
  1892 | D:3      | 1892 ||| IDENTIFYING glowing clear potion
  1893 | D:3      | 1893 ||| DROPPING potion of ambrosia.
  1906 | D:3      | Reached XP level 5. HP: 32/32 MP: 5/5
  1913 | Sewer    | Entered a sewer
  1921 | Sewer    | 1921 ||| Stepping ~*~*~tactically~*~*~ (water).
  2051 | Sewer    | 2051 ||| Stepping ~*~*~tactically~*~*~ (water).
  2114 | D:3      | 2114 ||| PLANNING D:1-11
  2162 | D:3      | Found a glowing golden altar of the Shining One.
  2162 | D:3      | Noticed Robin
  2172 | D:3      | Killed Robin
  2173 | D:3      | Reached skill level 5 in Axes
  2264 | D:3      | Noticed an ice beast
  2272 | D:3      | Killed an ice beast
  2273 | D:3      | Reached XP level 6. HP: 37/37 MP: 6/6
  2314 | D:3      | Found Rodaew's Distillery.
  2327 | D:3      | Found Mash's Magic Scroll Shop.
  2331 | D:3      | 2331 ||| BUYING potion of attraction (39 gold).
  2331 | D:3      | Bought a potion of attraction for 39 gold pieces
  2331 | D:3      | 2331 ||| SHOPLISTING potion of cancellation (104 gold, have
                  | 102).
  2331 | D:3      | 2331 ||| BUYING potion of curing (39 gold).
  2331 | D:3      | Bought a potion of curing for 39 gold pieces
  2331 | D:3      | 2331 ||| BUYING potion of might (52 gold).
  2331 | D:3      | Bought a potion of might for 52 gold pieces
  2331 | D:3      | 2331 ||| SHOPLISTING potion of might (52 gold, have 11).
  2331 | D:3      | 2331 ||| SHOPLISTING potion of mutation (104 gold, have
                  | 11).
  2341 | D:3      | 2341 ||| SHOPLISTING scroll of identify (22 gold, have 11).
  2341 | D:3      | 2341 ||| SHOPLISTING scroll of teleportation (33 gold, have
                  | 11).
  2709 | D:3      | 2709 ||| UPGRADING to +0 helmet.
  2714 | D:3      | 2714 ||| DROPPING +0 leather armour of cold resistance.
  2715 | D:3      | 2715 ||| READING scroll labelled VOTEOS PAUTZ.
  2826 | D:4      | Found a burning altar of Makhleb.
  2838 | D:4      | Found an iron altar of Okawaru.
  2839 | D:4      | 2839 ||| PLANNING OKAWARU WORSHIP
  2846 | D:4      | Became a worshipper of Warmaster Okawaru
  2847 | D:4      | 2847 ||| PLANNING D:1-11
  2852 | D:4      | Found a shadowy altar of Dithmenos.
  2938 | D:4      | 2938 ||| READING scroll of enchant armour.
  2938 | D:4      | 2938 ||| ENCHANTING +0 helmet.
  2950 | D:4      | Found a bloodstained altar of Trog.
  2971 | D:4      | 2971 ||| Stepping ~*~*~tactically~*~*~ (stealth).
  3319 | D:4      | 3319 ||| Stepping ~*~*~tactically~*~*~ (stealth).
  3321 | D:4      | 3321 ||| Stepping ~*~*~tactically~*~*~ (stealth).
  3404 | D:4      | 3404 ||| UPGRADING to ring of see invisible.
  3405 | D:4      | 3405 ||| READING scroll labelled ISTYTEXZUT.
  3406 | D:4      | 3406 ||| READING 2 scrolls of identify.
  3406 | D:4      | 3406 ||| IDENTIFYING cyan potion
  3425 | D:5      | Entered Level 5 of the Dungeon
  3432 | D:5      | Noticed a troll
  3454 | D:5      | Noticed an ice beast
  3454 | D:5      | Noticed an ice beast
  3460 | D:5      | HP: 9/38 [ice beast (4)]
  3461 | D:5      | 3461 ||| READING 2 scrolls of teleportation.
  3463 | D:5      | HP: 1/38 [ice beast (5)]
  3574 | D:5      | 3574 ||| FLEEEEING.
  3575 | D:5      | 3575 ||| FLEEEEING.
  3576 | D:5      | 3576 ||| FLEEEEING.
  3577 | D:5      | 3577 ||| FLEEEEING.
  3578 | D:5      | 3578 ||| FLEEEEING.
  3587 | D:5      | 3587 ||| FLEEEEING.
  3588 | D:5      | 3588 ||| FLEEEEING.
  3597 | D:5      | Killed an ice beast
  3608 | D:5      | Killed an ice beast
  3609 | D:5      | Reached XP level 7. HP: 33/44 MP: 7/7
  3627 | D:5      | HP: 2/44 [troll (10)]
  3628 | D:5      | 3628 ||| READING scroll of teleportation.
  3629 | D:5      | Slain by a troll

Levels and vault maps discovered:
D:1:      lemuel_arrival_funnel, layout_basic
D:2:      layout_basic, uniq_terence
D:3:      layout_loops_ring, lemuel_doored_altar, gup_sewer_entry_glass,
          serial_shops, shop, shop, nrook_uturn, uniq_robin
D:4:      layout_rooms, minmay_overflow_temple_star_quad,
          mainiacjoe_overflow_six_doors_small, serial_corexii_hall,
          corexii_hall_statues_l, corexii_hall_statues_x, minmay_manual_mullet
D:5:      minmay_clustersquares, layout_basic, ebering_ghost_sewer_d

Skill      XL: |  1  2  3  4  5  6 |
---------------+-------------------+-----
Axes           | 2 3 4 5 |  5.5
Dodging        | 2 |  2.2
Fighting       | 4 |  4.6
Armour         | |  3.2
Shields        | |  3.2

Action                     |  1- 3 |  4- 6 |  7- 9 || total
---------------------------+-------+-------+-------++-------
  Melee: War axe           |    72 |   227 |    10 ||   309
  Throw: Boomerang         |       |    22 |     5 ||    27
    Use: Scroll            |     6 |     9 |     1 ||    16
         Potion            |       |     2 |       ||     2
 Armour: Scale mail        |    29 |    10 |       ||    39
         Ring mail         |       |   107 |    10 ||   117
  Dodge: Dodged            |    25 |   101 |    16 ||   142
  Block: Buckler           |     9 |    81 |     7 ||    97
         Reflection        |       |     1 |       ||     1

Table legend:
 A = Non-vault XP
 B = Vault XP
 C = Vault XP percentage of total XP
 D = Non-vault monster count
 E = Vault monster count
 F = Vault count percentage of total count
                 A         B        C        D         E       F
            +---------+---------+-------+---------+---------+-------
      Total |     557 |     129 |  18.8 |      67 |      30 |  30.9
            +---------+---------+-------+---------+---------+-------
        D:1 |      44 |       0 |   0.0 |      24 |       0 |   0.0
        D:2 |      26 |      38 |  59.4 |       9 |       1 |  10.0
        D:3 |     205 |      29 |  12.4 |      24 |       8 |  25.0
        D:4 |      13 |      14 |  51.9 |       7 |       6 |  46.2
        D:5 |     269 |       3 |   1.1 |       3 |       1 |  25.0
      Sewer |       0 |      45 | 100.0 |       0 |      14 | 100.0
            +---------+---------+-------+---------+---------+-------
